Map: Odyssey LE

Players

Elazer - Winner!

  • Race: Zerg Zerg
  • League: Master
  • Spawn Location: 11:00

Namshar

  • Race: Zerg Zerg
  • League: Grandmaster
  • Spawn Location: 5:00

Event: HomeStory Cup XVI

VOD

Have the link to the VOD?

Description

Time

  • Played on: Nov. 11, 2017, 6:59 a.m.
  • Length: 7:23

All games in this series

Show
View Real Time Build Order
Export as new Build Order

Elazer Zerg - Winner!

Build Orders: Hatch First 

Get SALT Encoding   

  12  0:00  Drone  
  13  0:12  Overlord  
  13  0:16  Drone  
  14  0:30  Drone x2  
  14  0:33  Drone  
  17  0:50  Hatchery  
  17  0:53  Drone  
  17  0:57  Drone  
  17  0:59  Extractor  
  17  1:12  Spawning Pool  
  17  1:15  Drone  
  17  1:19  Drone  
  18  1:27  Drone  
  19  1:38  Overlord  
  19  1:59  Queen  
  19  2:00  Zergling x4  
  23  2:02  Queen, Zergling x2  
  23  2:05  Metabolic Boost  
  26  2:10  Drone  
  26  2:13  Drone  
  28  2:21  Drone  
  29  2:24  Drone  
  30  2:31  Drone  
  30  2:35  Drone  
  32  2:40  Hatchery  
  31  2:44  Drone  
  31  2:47  Overlord  
  32  2:53  Drone  
  33  2:59  Drone  
  34  3:07  Zergling x10  
  34  3:11  Zergling x2  
  34  3:12  Zergling x2  
  41  3:14  Drone  
  41  3:18  Roach Warren  
  41  3:19  Overlord  
  41  3:30  Drone x2  
  41  3:32  Drone  
  44  3:38  Drone  
  44  3:40  Drone x2  
  44  3:41  Drone  
  48  3:44  Drone  
  44  3:57  Overlord  
  44  3:58  Zergling x2  
  44  3:59  Zergling x6  
  48  4:06  Zergling x4  
  46  4:13  Drone  
  46  4:14  Extractor, Drone x3  
  46  4:17  Queen  
  48  4:18  Roach x2  
  48  4:21  Queen  
  48  4:23  Roach  
  58  4:28  Roach, Zergling x2  
  58  4:29  Queen  
  65  4:38  Roach  
  65  4:41  Zergling x2  
  65  4:48  Overlord  
  65  4:50  Roach, Spine Crawler  
  66  4:55  Overlord  
  66  4:59  Roach  
  66  5:06  Queen x2  
  64  5:12  Drone x4  
  64  5:19  Roach x3  
  70  5:25  Roach x2  
  70  5:26  Roach x3  
  81  5:31  Overlord  
  81  5:34  Extractor  
  80  5:37  Overlord  
  80  5:51  Roach x4  
  80  5:56  Roach x2  
  80  5:57  Roach  
  91  5:58  Zergling x12  
  97  6:04  Overlord  
  97  6:09  Overlord  
  97  6:21  Overlord  
  97  6:23  Zergling x16  
  105  6:28  Zergling x2  
  105  6:30  Ravager x2  
  105  6:32  Ravager  
  109  6:33  Zergling x4  
  109  6:35  Zergling x2  
  112  6:47  Zergling x6  
  113  6:59  Zergling x2  
  113  7:00  Zergling x10  
  116  7:05  Zergling x2  
  116  7:06  Zergling x2  
Show
View Real Time Build Order
Export as new Build Order

Namshar Zerg 

Build Orders: Hatch First 

Get SALT Encoding   

  12  0:00  Drone  
  13  0:12  Overlord  
  13  0:17  Drone  
  14  0:30  Drone x2  
  14  0:35  Drone  
  17  0:51  Hatchery  
  17  0:54  Drone  
  17  0:56  Drone  
  18  1:07  Extractor  
  17  1:11  Spawning Pool  
  17  1:15  Drone  
  17  1:18  Drone  
  18  1:27  Drone  
  19  1:38  Overlord  
  19  1:49  Drone  
  20  1:57  Queen  
  20  1:59  Drone  
  23  2:03  Queen  
  23  2:04  Drone  
  26  2:09  Metabolic Boost  
  26  2:10  Drone  
  26  2:14  Drone  
  28  2:21  Drone  
  29  2:26  Drone  
  30  2:31  Baneling Nest  
  30  2:34  Drone  
  30  2:37  Drone  
  31  2:44  Hatchery  
  31  2:48  Zergling x4  
  32  2:55  Overlord  
  32  2:58  Zergling x2  
  35  3:05  Zergling x2  
  35  3:13  Overlord  
  35  3:17  Queen, Drone  
  35  3:18  Drone x5  
  43  3:25  Hatchery  
  43  3:26  Baneling  
  43  3:27  Baneling  
  42  3:38  Overlord  
  42  3:41  Zergling x6  
  45  3:48  Zergling x2  
  45  3:49  Zergling x10  
  49  3:59  Extractor  
  49  4:01  Zergling x4  
  49  4:02  Zergling x2  
  49  4:13  Hatchery  
  49  4:17  Evolution Chamber  
  49  4:18  Drone  
  49  4:22  Baneling x2  
  47  4:25  Zergling x12  
  47  4:26  Baneling x2  
  47  4:31  Extractor  
  52  4:48  Drone x7  
  59  4:53  Zerg Missile Weapons Level 1  
  59  4:55  Roach Warren  
  51  5:14  Drone  
  46  5:15  Drone  
  46  5:21  Overlord  
  47  5:32  Overlord x2  
  47  5:34  Roach x5  
  57  5:37  Overlord x2  
  57  5:41  Lair  
  57  5:42  Roach  
  59  5:44  Roach  
  59  5:45  Overlord x2  
  61  5:51  Drone x5  
  63  6:00  Zergling x4  
  63  6:04  Extractor  
  64  6:09  Drone  
  64  6:10  Drone x3  
  68  6:11  Zergling x2  
  68  6:12  Roach  
  68  6:13  Roach x3  
  77  6:19  Roach  
  79  6:26  Roach  
  79  6:27  Roach  
  79  6:30  Overlord x2  
  83  6:33  Roach  
  83  6:34  Roach x2  
  83  6:39  Overlord x2  
  89  6:41  Overlord x2  
  89  6:45  Queen  
  93  6:47  Roach x2  
  80  7:02  Roach x7  
Tags
 
Add a new tag
Caveats
  • Supply blocks, unpowered buildings, or Contaminate may cause inaccurate times.
  • Supply counts are checked every 10 seconds.